Connexion

Admirals vs Penguins

Created - 22 septembre 2023 at 07:48

Goals
1 2 3 T
Admirals 1 3 0 4
Penguins 5 0 0 5
Shots
1 2 3 T
Admirals 7 9 11 27
Penguins 17 7 9 33

GoalsPenalties
1st period
1. Penguins , Rhett Gardner 3 (Steven Santini 13, Steven Fogarty 11) at 1:44
2. Admirals , Garrett Pilon 9 (Nick Cousins 10, Nick Ebert 9) at 2:19
3. Penguins , Rhett Gardner 4 (Andreas Englund 10, Jason Dickinson 11) at 6:54
4. Penguins , Alan Quine 6 (Marian Studenic 4, Andreas Englund 11) at 9:23 (SH)
5. Penguins , Jason Dickinson 10 (Rhett Gardner 5, Steven Fogarty 12) at 18:44
6. Penguins , Andrew Nielsen 1 (Karson Kuhlman 11) at 18:50
Niko Mikkola (MIL) for Holding (Minor) at 7:04
Rhett Gardner (WBS) for Roughing (Minor) at 8:11
Mike Reilly (MIL) for Hooking (Minor) at 10:44
2nd period
7. Admirals , Nick Cousins 7 (Guillaume Brisebois 6, Garrett Pilon 11) at 6:22
8. Admirals , David Kampf 5 (Oskar Steen 1, Garrett Wilson 12) at 14:07 (PP)
9. Admirals , Kevin Stenlund 10 (CJ Suess 7, Guillaume Brisebois 7) at 16:22
Brian Hart (WBS) for Cross-checking (Minor) at 10:34
Dylan McIlrath (WBS) for Hooking (Minor) at 12:52
3rd period
No Goal
Kevin Bahl (WBS) for Roughing (Minor) at 2:56
Steven Santini (WBS) for Cross-checking (Minor) at 6:16
Mikhail Maltsev (WBS) for Roughing (Minor) at 9:43
Liam O'Brien (WBS) for Roughing (Minor) at 17:40
Goalie Stats
Michael Houser (MIL), 11 saves from 15 shots - (0,733), 18:44 minutes
Hayden Hawkey (MIL), 17 saves from 18 shots - (0,944), L, 0-1-1, 40:21 minutes
Marek Langhamer (WBS), 23 saves from 27 shots - (0,852), W, 8-6-1, 60:00 minutes
3 StarsOfficial
1 - Rhett Gardner (WBS)
2 - Jason Dickinson (WBS)
3 - Andreas Englund (WBS)
Referees : Brad Watson and Francois StLaurent
Linesman : Lonnie Cameron and Brad Lazarowich
Game Note
Hayden Hawkey enters game at 18:44 of 1st period
Finance
Level 1 -- Attendance: 1364 (68,20%) -- Ticket Income 54 560 $
Level 2 -- Attendance: 743 (74,30%) -- Ticket Income 14 860 $
Total Attendance: 2107 (70,23%)
Total Ticket Income: 69 420 $
Other Income: 13 884 $
Total Income: 83 304 $



Team Name Goals Shots Shots Attemp Shots Blocked PIM HIT PP PK FO%
Admirals 42756164291 / 7 (14%)055%
Penguins 53371614200 / 2 (0%)145%

Admirals
Player Name POS G A P +/- PIM HIT SHT SB MP PP MP PP SHT PK MP PK SHT FO% FOT
Cam DineenD0000011220:255:3611:2700% 0
CJ SuessLW011-2003020:366:2800:000100% 1
David KampfC/RW101-1002021:464:5720:450100% 1
Dominic TurgeonC000001102:170:0000:00080% 5
Garrett PilonC1121002012:580:5200:00058% 12
Garrett WilsonLW011-1043022:424:5722:2100% 1
Guillaume BriseboisD0220020120:255:3601:2700% 0
John QuennevilleC000-100001:121:1200:0000% 0
Joseph CramarossaC/LW0001021112:060:0000:0000% 1
Kevin StenlundC101-1032121:476:0800:45068% 25
Kristians RubinsD0001060114:440:5200:0000% 0
Mike ReillyD000-3253224:205:4910:2700% 0
Nick CousinsC/LW/RW1121004012:060:0000:00050% 2
Nick EbertD0111000115:370:5201:3900% 0
Niko MikkolaD000-3223424:195:4931:1200% 0
Oskar SteenC011-1011124:554:5702:21044% 32
Paul ThompsonRW000-2021120:366:2800:00033% 3
William BittenRW000000013:090:5200:0000% 0
Penguins
Player Name POS G A P +/- PIM HIT SHT SB MP PP MP PP SHT PK MP PK SHT FO% FOT
Alan QuineC/LW/RW101100203:400:0001:15167% 3
Andreas EnglundD0223012424:201:5816:4400% 0
Andrew NielsenD101-1003014:410:0001:1700% 0
Brian HartLW/RW000020002:240:0000:0000% 0
Christophe LalancetteC000000001:230:0000:000100% 1
Dylan McIlrathD000-1220014:170:0000:5400% 0
Gerald MayhewC/RW000-1014016:371:0810:000100% 1
Jason DickinsonC/LW1123022022:481:5807:1400% 0
Joseph BlandisiC/LW000-1030120:501:0803:59033% 21
Karson KuhlmanC/RW011-1002012:530:0000:00031% 16
Keaton MiddletonD0000010021:581:0805:2400% 0
Kevin BahlD0000210121:191:0804:3700% 0
Liam O'BrienC/LW000-1256012:320:0000:000100% 1
Marian StudenicRW0110005014:160:0001:4330% 1
Mikhail MaltsevLW000-1212016:361:0810:00050% 2
Rhett GardnerC/LW2133213023:461:5706:51053% 34
Steven FogartyC/RW0223002019:021:5813:32033% 3
Steven SantiniD0113220023:221:5805:3800% 0



Play-by-Play

1st period


0:01 of 1st period - Oskar Steen wins face-off versus Rhett Gardner in neutral zone.
0:04 of 1st period - Andreas Englund is hit by Garrett Wilson.
0:15 of 1st period - Steven Fogarty is hit by Mike Reilly and loses puck.
0:18 of 1st period - Shot by Steven Fogarty.
0:18 of 1st period - Stopped by Michael Houser without a rebound.
0:19 of 1st period - Kevin Stenlund wins face-off versus Joseph Blandisi in Admirals zone.
0:19 of 1st period - Kevin Stenlund is hit by Joseph Blandisi.
1:20 of 1st period - Shot by Marian Studenic.
1:20 of 1st period - Stopped by Michael Houser without a rebound.
1:21 of 1st period - Rhett Gardner wins face-off versus Oskar Steen in Admirals zone.
1:37 of 1st period - Rhett Gardner is hit by Mike Reilly and loses puck.
1:44 of 1st period - Shot by Rhett Gardner.
1:44 of 1st period - Goal by Rhett Gardner - Admirals : 0 - Penguins : 1.
1:45 of 1st period - Garrett Pilon wins face-off versus Karson Kuhlman in neutral zone.
1:54 of 1st period - Marian Studenic is hit by Joseph Cramarossa and loses puck.
2:05 of 1st period - Shot by Liam O'Brien.
2:05 of 1st period - Stopped by Michael Houser with a rebound.
2:17 of 1st period - Shot by Nick Cousins.
2:17 of 1st period - Stopped by Marek Langhamer with a rebound.
2:19 of 1st period - Shot by Garrett Pilon.
2:19 of 1st period - Goal by Garrett Pilon - Admirals : 1 - Penguins : 1.
2:20 of 1st period - Alan Quine wins face-off versus Dominic Turgeon in neutral zone.
2:22 of 1st period - Off-side.
2:23 of 1st period - Oskar Steen wins face-off versus Steven Fogarty in neutral zone.
2:42 of 1st period - Shot by Mike Reilly.
2:42 of 1st period - Stopped by Marek Langhamer with a rebound.
3:10 of 1st period - Rhett Gardner is hit by Garrett Wilson and loses puck.
3:38 of 1st period - Shot by Joseph Blandisi.
3:38 of 1st period - Shot Misses the Net.
3:43 of 1st period - Joseph Blandisi is hit by Guillaume Brisebois and loses puck.
3:48 of 1st period - Shot by Gerald Mayhew.
3:48 of 1st period - Shot Misses the Net.
3:50 of 1st period - Shot by Joseph Blandisi.
3:50 of 1st period - Shot Misses the Net.
4:15 of 1st period - Icing by Guillaume Brisebois.
4:16 of 1st period - Paul Thompson wins face-off versus Karson Kuhlman in Admirals zone.
5:10 of 1st period - Kristians Rubins is hit by Liam O'Brien and loses puck.
5:45 of 1st period - Shot by Alan Quine.
5:45 of 1st period - Shot Blocked by Niko Mikkola.
5:53 of 1st period - Shot by Alan Quine.
5:53 of 1st period - Shot Blocked by Niko Mikkola.
6:22 of 1st period - Shot by Keaton Middleton.
6:22 of 1st period - Shot Misses the Net.
6:54 of 1st period - Shot by Rhett Gardner.
6:54 of 1st period - Goal by Rhett Gardner - Admirals : 1 - Penguins : 2.
6:55 of 1st period - Dominic Turgeon wins face-off versus Rhett Gardner in neutral zone.
6:55 of 1st period - Dominic Turgeon is hit by Jason Dickinson.
7:04 of 1st period - Minor Penalty to Niko Mikkola for Holding.
7:05 of 1st period - Rhett Gardner wins face-off versus Oskar Steen in Admirals zone.
7:08 of 1st period - Shot by Andreas Englund.
7:08 of 1st period - Shot Misses the Net.
7:10 of 1st period - Shot by Andreas Englund.
7:10 of 1st period - Stopped by Michael Houser without a rebound.
7:11 of 1st period - Oskar Steen wins face-off versus Mikhail Maltsev in Admirals zone.
7:17 of 1st period - Icing by Gerald Mayhew.
7:18 of 1st period - Joseph Blandisi wins face-off versus Garrett Wilson in Penguins zone.
7:31 of 1st period - Shot by Gerald Mayhew.
7:31 of 1st period - Stopped by Michael Houser without a rebound.
7:32 of 1st period - Rhett Gardner wins face-off versus Oskar Steen in Admirals zone.
7:47 of 1st period - Shot by Rhett Gardner.
7:47 of 1st period - Shot Blocked by Cam Dineen.
8:11 of 1st period - Minor Penalty to Rhett Gardner for Roughing.
8:12 of 1st period - Christophe Lalancette wins face-off versus Kevin Stenlund in Penguins zone.
9:15 of 1st period - Shot by Marian Studenic.
9:15 of 1st period - Deflect By Alan Quine.
9:15 of 1st period - Shot Hit the Post.
9:17 of 1st period - Shot by Marian Studenic.
9:17 of 1st period - Shot Misses the Net.
9:19 of 1st period - Shot by Marian Studenic.
9:19 of 1st period - Stopped by Michael Houser with a rebound.
9:21 of 1st period - Shot by Marian Studenic.
9:21 of 1st period - Shot Misses the Net.
9:23 of 1st period - Shot by Alan Quine.
9:23 of 1st period - Goal by Alan Quine - Admirals : 1 - Penguins : 3.
9:24 of 1st period - Kevin Stenlund wins face-off versus Marian Studenic in neutral zone.
10:11 of 1st period - Shot by Oskar Steen.
10:11 of 1st period - Deflect By Joseph Cramarossa.
10:11 of 1st period - Stopped by Marek Langhamer without a rebound.
10:12 of 1st period - Garrett Pilon wins face-off versus Karson Kuhlman in Penguins zone.
10:33 of 1st period - Shot by Marian Studenic.
10:33 of 1st period - Shot Blocked by Joseph Cramarossa.
10:35 of 1st period - Shot by Liam O'Brien.
10:35 of 1st period - Stopped by Michael Houser without a rebound.
10:36 of 1st period - Oskar Steen wins face-off versus Joseph Blandisi in Admirals zone.
10:36 of 1st period - David Kampf is hit by Joseph Blandisi and loses puck.
10:44 of 1st period - Minor Penalty to Mike Reilly for Hooking.
10:45 of 1st period - Oskar Steen wins face-off versus Rhett Gardner in Admirals zone.
10:45 of 1st period - Oskar Steen is hit by Rhett Gardner.
11:06 of 1st period - Shot by Steven Fogarty.
11:06 of 1st period - Shot Misses the Net.
11:08 of 1st period - Shot by Andreas Englund.
11:08 of 1st period - Shot Blocked by Oskar Steen.
11:10 of 1st period - Shot by Jason Dickinson.
11:10 of 1st period - Deflect By Steven Fogarty.
11:10 of 1st period - Stopped by Michael Houser without a rebound.
11:11 of 1st period - Kevin Stenlund wins face-off versus Joseph Blandisi in Admirals zone.
11:24 of 1st period - Shot by Kevin Bahl.
11:24 of 1st period - Shot Misses the Net.
11:26 of 1st period - Shot by Mikhail Maltsev.
11:26 of 1st period - Stopped by Michael Houser without a rebound.
11:27 of 1st period - Kevin Stenlund wins face-off versus Rhett Gardner in Admirals zone.
12:04 of 1st period - Shot by Oskar Steen.
12:04 of 1st period - Shot Blocked by Andreas Englund.
12:36 of 1st period - Kevin Stenlund is hit by Joseph Blandisi.
12:55 of 1st period - Icing by Andrew Nielsen.
12:56 of 1st period - Kevin Stenlund wins face-off versus Karson Kuhlman in Penguins zone.
12:59 of 1st period - Shot by Paul Thompson.
12:59 of 1st period - Shot Misses the Net.
13:05 of 1st period - Shot by Kevin Stenlund.
13:05 of 1st period - Stopped by Marek Langhamer without a rebound.
13:06 of 1st period - Garrett Pilon wins face-off versus Alan Quine in Penguins zone.
13:24 of 1st period - Shot by Joseph Cramarossa.
13:24 of 1st period - Shot Misses the Net.
13:41 of 1st period - Off-side.
13:42 of 1st period - Gerald Mayhew wins face-off versus Oskar Steen in neutral zone.
13:50 of 1st period - Icing by Mike Reilly.
13:51 of 1st period - Oskar Steen wins face-off versus Joseph Blandisi in Admirals zone.
14:02 of 1st period - Icing by Steven Santini.
14:03 of 1st period - Joseph Blandisi wins face-off versus Kevin Stenlund in Penguins zone.
14:20 of 1st period - Cam Dineen is hit by Mikhail Maltsev and loses puck.
14:29 of 1st period - Shot by Steven Santini.
14:29 of 1st period - Shot Blocked by Guillaume Brisebois.
14:31 of 1st period - Shot by Gerald Mayhew.
14:31 of 1st period - Stopped by Michael Houser without a rebound.
14:32 of 1st period - Rhett Gardner wins face-off versus Oskar Steen in Admirals zone.
14:35 of 1st period - Shot by Rhett Gardner.
14:35 of 1st period - Shot Misses the Net.
14:45 of 1st period - Shot by Oskar Steen.
14:45 of 1st period - Shot Misses the Net.
14:58 of 1st period - Kevin Bahl is hit by Garrett Wilson and loses puck.
15:05 of 1st period - Icing by Rhett Gardner.
15:06 of 1st period - Rhett Gardner wins face-off versus Kevin Stenlund in Penguins zone.
15:06 of 1st period - Jason Dickinson is hit by Kevin Stenlund and loses puck.
15:10 of 1st period - Icing by Jason Dickinson.
15:11 of 1st period - Kevin Stenlund wins face-off versus Rhett Gardner in Penguins zone.
16:12 of 1st period - Shot by Andreas Englund.
16:12 of 1st period - Shot Blocked by Mike Reilly.
16:20 of 1st period - Shot by Gerald Mayhew.
16:20 of 1st period - Shot Blocked by Mike Reilly.
16:30 of 1st period - Shot by Liam O'Brien.
16:30 of 1st period - Shot Blocked by Niko Mikkola.
16:32 of 1st period - Shot by Liam O'Brien.
16:32 of 1st period - Stopped by Michael Houser without a rebound.
16:33 of 1st period - Karson Kuhlman wins face-off versus Garrett Pilon in Admirals zone.
17:01 of 1st period - Andrew Nielsen is hit by Kristians Rubins and loses puck.
17:36 of 1st period - Off-side.
17:37 of 1st period - Oskar Steen wins face-off versus Joseph Blandisi in neutral zone.
17:42 of 1st period - Shot by Garrett Wilson.
17:42 of 1st period - Stopped by Marek Langhamer without a rebound.
17:43 of 1st period - Mikhail Maltsev wins face-off versus Oskar Steen in Penguins zone.
18:14 of 1st period - Shot by Oskar Steen.
18:14 of 1st period - Shot Blocked by Andreas Englund.
18:16 of 1st period - Shot by Mike Reilly.
18:16 of 1st period - Stopped by Marek Langhamer without a rebound.
18:17 of 1st period - Kevin Stenlund wins face-off versus Rhett Gardner in Penguins zone.
18:26 of 1st period - Shot by Rhett Gardner.
18:26 of 1st period - Shot Blocked by Kevin Stenlund.
18:28 of 1st period - Shot by Jason Dickinson.
18:28 of 1st period - Shot Blocked by Cam Dineen.
18:40 of 1st period - Shot by Rhett Gardner.
18:40 of 1st period - Shot Misses the Net.
18:42 of 1st period - Shot by Jason Dickinson.
18:42 of 1st period - Shot Blocked by Paul Thompson.
18:44 of 1st period - Shot by Jason Dickinson.
18:44 of 1st period - Goal by Jason Dickinson - Admirals : 1 - Penguins : 4.
18:44 of 1st period - Hayden Hawkey enters game.
18:45 of 1st period - Karson Kuhlman wins face-off versus Garrett Pilon in neutral zone.
18:48 of 1st period - Shot by Andrew Nielsen.
18:48 of 1st period - Shot Misses the Net.
18:50 of 1st period - Shot by Andrew Nielsen.
18:50 of 1st period - Goal by Andrew Nielsen - Admirals : 1 - Penguins : 5.
18:51 of 1st period - Joseph Blandisi wins face-off versus Oskar Steen in neutral zone.
18:58 of 1st period - Shot by Gerald Mayhew.
18:58 of 1st period - Stopped by Hayden Hawkey without a rebound.
18:59 of 1st period - Rhett Gardner wins face-off versus Oskar Steen in Admirals zone.
19:18 of 1st period - Shot by Mike Reilly.
19:18 of 1st period - Shot Blocked by Andreas Englund.
Goals for this period are 1 for Admirals vs 5 for Penguins.
Shots for this period are 7 for Admirals vs 17 for Penguins.

2nd period


0:01 of 2nd period - Rhett Gardner wins face-off versus Oskar Steen in neutral zone.
1:05 of 2nd period - Shot by CJ Suess.
1:05 of 2nd period - Stopped by Marek Langhamer with a rebound.
1:58 of 2nd period - Shot by Karson Kuhlman.
1:58 of 2nd period - Shot Misses the Net.
2:31 of 2nd period - Marian Studenic is hit by Dominic Turgeon and loses puck.
3:02 of 2nd period - Shot by Alan Quine.
3:02 of 2nd period - Stopped by Hayden Hawkey with a rebound.
3:04 of 2nd period - Shot by Andreas Englund.
3:04 of 2nd period - Stopped by Hayden Hawkey without a rebound.
3:05 of 2nd period - Joseph Blandisi wins face-off versus Kevin Stenlund in Admirals zone.
3:05 of 2nd period - Mikhail Maltsev is hit by Guillaume Brisebois.
3:43 of 2nd period - Shot by Guillaume Brisebois.
3:43 of 2nd period - Shot Blocked by Joseph Blandisi.
4:51 of 2nd period - Shot by Steven Fogarty.
4:51 of 2nd period - Shot Misses the Net.
5:14 of 2nd period - Icing by Garrett Wilson.
5:15 of 2nd period - Karson Kuhlman wins face-off versus Oskar Steen in Admirals zone.
5:20 of 2nd period - Shot by Liam O'Brien.
5:20 of 2nd period - Deflect By Karson Kuhlman.
5:20 of 2nd period - Stopped by Hayden Hawkey with a rebound.
5:35 of 2nd period - Liam O'Brien is hit by Mike Reilly and loses puck.
5:43 of 2nd period - Icing by Mike Reilly.
5:44 of 2nd period - Alan Quine wins face-off versus Paul Thompson in Admirals zone.
5:44 of 2nd period - Alan Quine is hit by Niko Mikkola.
5:52 of 2nd period - Shot by Rhett Gardner.
5:52 of 2nd period - Shot Blocked by Niko Mikkola.
6:00 of 2nd period - Shot by Kevin Stenlund.
6:00 of 2nd period - Deflect By CJ Suess.
6:00 of 2nd period - Stopped by Marek Langhamer without a rebound.
6:01 of 2nd period - Liam O'Brien wins face-off versus Garrett Pilon in Penguins zone.
6:08 of 2nd period - Shot by Nick Cousins.
6:08 of 2nd period - Shot Misses the Net.
6:18 of 2nd period - Shot by Garrett Pilon.
6:18 of 2nd period - Shot Misses the Net.
6:20 of 2nd period - Shot by Guillaume Brisebois.
6:20 of 2nd period - Shot Misses the Net.
6:22 of 2nd period - Shot by Nick Cousins.
6:22 of 2nd period - Goal by Nick Cousins - Admirals : 2 - Penguins : 5.
6:23 of 2nd period - Kevin Stenlund wins face-off versus Steven Fogarty in neutral zone.
6:23 of 2nd period - Niko Mikkola is hit by Jason Dickinson and loses puck.
6:59 of 2nd period - Shot by Paul Thompson.
6:59 of 2nd period - Shot Misses the Net.
7:04 of 2nd period - Icing by Jason Dickinson.
7:05 of 2nd period - Rhett Gardner wins face-off versus Nick Cousins in Penguins zone.
7:17 of 2nd period - Icing by Joseph Cramarossa.
7:18 of 2nd period - Garrett Pilon wins face-off versus Joseph Blandisi in Admirals zone.
7:37 of 2nd period - Shot by Nick Cousins.
7:37 of 2nd period - Stopped by Marek Langhamer without a rebound.
7:38 of 2nd period - David Kampf wins face-off versus Karson Kuhlman in Penguins zone.
8:46 of 2nd period - Joseph Blandisi is hit by Cam Dineen and loses puck.
9:14 of 2nd period - Cam Dineen is hit by Steven Santini and loses puck.
9:43 of 2nd period - Shot by Jason Dickinson.
9:43 of 2nd period - Stopped by Hayden Hawkey with a rebound.
10:28 of 2nd period - Brian Hart is hit by Mike Reilly and loses puck.
10:34 of 2nd period - Minor Penalty to Brian Hart for Cross-checking.
10:35 of 2nd period - Rhett Gardner wins face-off versus Oskar Steen in Penguins zone.
10:35 of 2nd period - Rhett Gardner is hit by Oskar Steen.
12:37 of 2nd period - Icing by Karson Kuhlman.
12:38 of 2nd period - Karson Kuhlman wins face-off versus Garrett Pilon in Penguins zone.
12:51 of 2nd period - Joseph Cramarossa is hit by Dylan McIlrath.
12:52 of 2nd period - Minor Penalty to Dylan McIlrath for Hooking.
12:53 of 2nd period - Oskar Steen wins face-off versus Rhett Gardner in Penguins zone.
12:54 of 2nd period - Shot by Cam Dineen.
12:54 of 2nd period - Deflect By Garrett Wilson.
12:54 of 2nd period - Stopped by Marek Langhamer without a rebound.
12:55 of 2nd period - Rhett Gardner wins face-off versus Oskar Steen in Penguins zone.
13:13 of 2nd period - Shot by Cam Dineen.
13:13 of 2nd period - Stopped by Marek Langhamer without a rebound.
13:14 of 2nd period - Kevin Stenlund wins face-off versus Rhett Gardner in Penguins zone.
14:07 of 2nd period - Shot by David Kampf.
14:07 of 2nd period - Goal by David Kampf - Admirals : 3 - Penguins : 5.
14:08 of 2nd period - Garrett Pilon wins face-off versus Karson Kuhlman in neutral zone.
14:08 of 2nd period - Nick Cousins is hit by Liam O'Brien and loses puck.
14:28 of 2nd period - Marian Studenic is hit by Kristians Rubins and loses puck.
14:31 of 2nd period - Shot by Karson Kuhlman.
14:31 of 2nd period - Shot Misses the Net.
14:43 of 2nd period - Liam O'Brien is hit by Kristians Rubins.
15:10 of 2nd period - Icing by Nick Ebert.
15:11 of 2nd period - Rhett Gardner wins face-off versus Joseph Cramarossa in Admirals zone.
15:11 of 2nd period - Jason Dickinson is hit by Kristians Rubins and loses puck.
15:17 of 2nd period - Jason Dickinson is hit by Kristians Rubins and loses puck.
15:24 of 2nd period - Shot by Rhett Gardner.
15:24 of 2nd period - Stopped by Hayden Hawkey without a rebound.
15:25 of 2nd period - Oskar Steen wins face-off versus Joseph Blandisi in Admirals zone.
15:29 of 2nd period - Off-side.
15:30 of 2nd period - Rhett Gardner wins face-off versus Oskar Steen in neutral zone.
15:36 of 2nd period - Andreas Englund is hit by Mike Reilly and loses puck.
16:01 of 2nd period - Off-side.
16:02 of 2nd period - Kevin Stenlund wins face-off versus Joseph Blandisi in neutral zone.
16:18 of 2nd period - Shot by CJ Suess.
16:18 of 2nd period - Shot Misses the Net.
16:20 of 2nd period - Shot by Kevin Stenlund.
16:20 of 2nd period - Shot Misses the Net.
16:22 of 2nd period - Shot by Kevin Stenlund.
16:22 of 2nd period - Goal by Kevin Stenlund - Admirals : 4 - Penguins : 5.
16:23 of 2nd period - Dominic Turgeon wins face-off versus Karson Kuhlman in neutral zone.
16:40 of 2nd period - Shot by Liam O'Brien.
16:40 of 2nd period - Shot Misses the Net.
16:42 of 2nd period - Shot by Andrew Nielsen.
16:42 of 2nd period - Stopped by Hayden Hawkey without a rebound.
16:43 of 2nd period - Kevin Stenlund wins face-off versus Rhett Gardner in Admirals zone.
17:20 of 2nd period - Icing by Guillaume Brisebois.
17:21 of 2nd period - Kevin Stenlund wins face-off versus Joseph Blandisi in Admirals zone.
18:37 of 2nd period - Garrett Wilson is hit by Liam O'Brien and loses puck.
18:48 of 2nd period - Shot by Karson Kuhlman.
18:48 of 2nd period - Stopped by Hayden Hawkey without a rebound.
18:49 of 2nd period - Garrett Pilon wins face-off versus Rhett Gardner in Admirals zone.
19:18 of 2nd period - Shot by Garrett Pilon.
19:18 of 2nd period - Stopped by Marek Langhamer without a rebound.
19:19 of 2nd period - Joseph Blandisi wins face-off versus Kevin Stenlund in Penguins zone.
19:36 of 2nd period - Shot by Gerald Mayhew.
19:36 of 2nd period - Shot Misses the Net.
Goals for this period are 3 for Admirals vs 0 for Penguins.
Shots for this period are 9 for Admirals vs 7 for Penguins.

3rd period


0:01 of 3rd period - Rhett Gardner wins face-off versus Oskar Steen in neutral zone.
0:17 of 3rd period - Shot by Oskar Steen.
0:17 of 3rd period - Stopped by Marek Langhamer with a rebound.
0:19 of 3rd period - Shot by David Kampf.
0:19 of 3rd period - Shot Misses the Net.
1:05 of 3rd period - Shot by Kevin Stenlund.
1:05 of 3rd period - Deflect By CJ Suess.
1:05 of 3rd period - Stopped by Marek Langhamer without a rebound.
1:06 of 3rd period - Nick Cousins wins face-off versus Joseph Blandisi in Penguins zone.
1:09 of 3rd period - Shot by Nick Cousins.
1:09 of 3rd period - Deflect By Joseph Cramarossa.
1:09 of 3rd period - Shot Misses the Net.
1:20 of 3rd period - Icing by Keaton Middleton.
1:21 of 3rd period - Joseph Blandisi wins face-off versus Kevin Stenlund in Penguins zone.
1:28 of 3rd period - Shot by Mikhail Maltsev.
1:28 of 3rd period - Stopped by Hayden Hawkey without a rebound.
1:29 of 3rd period - Dominic Turgeon wins face-off versus Karson Kuhlman in Admirals zone.
1:29 of 3rd period - Dominic Turgeon is hit by Liam O'Brien.
1:35 of 3rd period - Shot by Dominic Turgeon.
1:35 of 3rd period - Stopped by Marek Langhamer without a rebound.
1:36 of 3rd period - Oskar Steen wins face-off versus Joseph Blandisi in Penguins zone.
1:36 of 3rd period - David Kampf is hit by Keaton Middleton and loses puck.
1:44 of 3rd period - Garrett Wilson is hit by Kevin Bahl and loses puck.
2:13 of 3rd period - Shot by Oskar Steen.
2:13 of 3rd period - Shot Misses the Net.
2:15 of 3rd period - Shot by David Kampf.
2:15 of 3rd period - Shot Blocked by Kevin Bahl.
2:17 of 3rd period - Shot by Garrett Wilson.
2:17 of 3rd period - Shot Misses the Net.
2:38 of 3rd period - Mikhail Maltsev is hit by Paul Thompson and loses puck.
2:47 of 3rd period - Shot by Kevin Stenlund.
2:47 of 3rd period - Deflect By CJ Suess.
2:47 of 3rd period - Shot Misses the Net.
2:56 of 3rd period - Minor Penalty to Kevin Bahl for Roughing.
2:57 of 3rd period - Rhett Gardner wins face-off versus Oskar Steen in Penguins zone.
3:09 of 3rd period - Icing by Mike Reilly.
3:10 of 3rd period - Oskar Steen wins face-off versus Rhett Gardner in Admirals zone.
3:17 of 3rd period - Shot by Mike Reilly.
3:17 of 3rd period - Shot Misses the Net.
3:38 of 3rd period - Icing by CJ Suess.
3:39 of 3rd period - Kevin Stenlund wins face-off versus Rhett Gardner in Admirals zone.
3:44 of 3rd period - Jason Dickinson is hit by Kevin Stenlund and loses puck.
4:15 of 3rd period - Shot by Cam Dineen.
4:15 of 3rd period - Deflect By Kevin Stenlund.
4:15 of 3rd period - Shot Misses the Net.
4:27 of 3rd period - Jason Dickinson is hit by Paul Thompson and loses puck.
4:47 of 3rd period - Shot by Marian Studenic.
4:47 of 3rd period - Stopped by Hayden Hawkey with a rebound.
4:49 of 3rd period - Shot by Marian Studenic.
4:49 of 3rd period - Stopped by Hayden Hawkey without a rebound.
4:50 of 3rd period - Rhett Gardner wins face-off versus Oskar Steen in Admirals zone.
6:16 of 3rd period - Minor Penalty to Steven Santini for Cross-checking.
6:17 of 3rd period - Rhett Gardner wins face-off versus Oskar Steen in Penguins zone.
6:28 of 3rd period - Keaton Middleton is hit by Garrett Wilson and loses puck.
7:44 of 3rd period - Shot by Oskar Steen.
7:44 of 3rd period - Shot Misses the Net.
7:46 of 3rd period - Shot by Garrett Wilson.
7:46 of 3rd period - Stopped by Marek Langhamer without a rebound.
7:47 of 3rd period - Kevin Stenlund wins face-off versus Rhett Gardner in Penguins zone.
8:19 of 3rd period - Marian Studenic is hit by Kristians Rubins and loses puck.
8:24 of 3rd period - Shot by Liam O'Brien.
8:24 of 3rd period - Stopped by Hayden Hawkey without a rebound.
8:25 of 3rd period - Garrett Pilon wins face-off versus Karson Kuhlman in Admirals zone.
8:25 of 3rd period - Joseph Cramarossa is hit by Liam O'Brien and loses puck.
9:04 of 3rd period - Icing by Kristians Rubins.
9:05 of 3rd period - Joseph Blandisi wins face-off versus Garrett Pilon in Admirals zone.
9:43 of 3rd period - Minor Penalty to Mikhail Maltsev for Roughing.
9:44 of 3rd period - Rhett Gardner wins face-off versus Kevin Stenlund in Penguins zone.
9:44 of 3rd period - Rhett Gardner is hit by Kevin Stenlund.
10:19 of 3rd period - Icing by Guillaume Brisebois.
10:20 of 3rd period - Rhett Gardner wins face-off versus Paul Thompson in Admirals zone.
11:08 of 3rd period - Shot by David Kampf.
11:08 of 3rd period - Stopped by Marek Langhamer with a rebound.
11:20 of 3rd period - Shot by Niko Mikkola.
11:20 of 3rd period - Shot Blocked by Andreas Englund.
11:22 of 3rd period - Shot by Niko Mikkola.
11:22 of 3rd period - Stopped by Marek Langhamer with a rebound.
11:24 of 3rd period - Shot by Niko Mikkola.
11:24 of 3rd period - Stopped by Marek Langhamer with a rebound.
11:26 of 3rd period - Shot by Niko Mikkola.
11:26 of 3rd period - Stopped by Marek Langhamer with a rebound.
11:28 of 3rd period - Shot by Mike Reilly.
11:28 of 3rd period - Stopped by Marek Langhamer without a rebound.
11:29 of 3rd period - Steven Fogarty wins face-off versus Oskar Steen in Penguins zone.
11:45 of 3rd period - Garrett Pilon is hit by Dylan McIlrath and loses puck.
11:54 of 3rd period - Shot by Marian Studenic.
11:54 of 3rd period - Shot Blocked by Nick Ebert.
11:58 of 3rd period - Shot by Marian Studenic.
11:58 of 3rd period - Shot Misses the Net.
12:00 of 3rd period - Shot by Dylan McIlrath.
12:00 of 3rd period - Shot Blocked by Kristians Rubins.
12:02 of 3rd period - Shot by Marian Studenic.
12:02 of 3rd period - Stopped by Hayden Hawkey without a rebound.
12:03 of 3rd period - Dominic Turgeon wins face-off versus Joseph Blandisi in Admirals zone.
12:03 of 3rd period - Nick Ebert is hit by Gerald Mayhew and loses puck.
12:27 of 3rd period - Shot by Joseph Blandisi.
12:27 of 3rd period - Shot Misses the Net.
12:29 of 3rd period - Shot by Gerald Mayhew.
12:29 of 3rd period - Stopped by Hayden Hawkey with a rebound.
12:31 of 3rd period - Shot by Kevin Bahl.
12:31 of 3rd period - Shot Misses the Net.
12:33 of 3rd period - Shot by Joseph Blandisi.
12:33 of 3rd period - Shot Blocked by William Bitten.
12:53 of 3rd period - Shot by Liam O'Brien.
12:53 of 3rd period - Stopped by Hayden Hawkey without a rebound.
12:54 of 3rd period - Kevin Stenlund wins face-off versus Karson Kuhlman in Admirals zone.
13:03 of 3rd period - Marian Studenic is hit by Niko Mikkola and loses puck.
13:12 of 3rd period - Shot by Paul Thompson.
13:12 of 3rd period - Shot Hit the Post.
13:14 of 3rd period - Shot by Paul Thompson.
13:14 of 3rd period - Stopped by Marek Langhamer with a rebound.
14:02 of 3rd period - Jason Dickinson is hit by Joseph Cramarossa and loses puck.
14:48 of 3rd period - Icing by Kristians Rubins.
14:49 of 3rd period - Oskar Steen wins face-off versus Joseph Blandisi in Admirals zone.
14:59 of 3rd period - Off-side.
15:00 of 3rd period - Karson Kuhlman wins face-off versus Kevin Stenlund in neutral zone.
15:15 of 3rd period - Shot by Liam O'Brien.
15:15 of 3rd period - Shot Misses the Net.
15:17 of 3rd period - Shot by Andrew Nielsen.
15:17 of 3rd period - Stopped by Hayden Hawkey with a rebound.
15:25 of 3rd period - Shot by Liam O'Brien.
15:25 of 3rd period - Stopped by Hayden Hawkey without a rebound.
15:26 of 3rd period - Oskar Steen wins face-off versus Joseph Blandisi in Admirals zone.
16:45 of 3rd period - Shot by Garrett Pilon.
16:45 of 3rd period - Deflect By Nick Cousins.
16:45 of 3rd period - Shot Misses the Net.
16:49 of 3rd period - Shot by Nick Cousins.
16:49 of 3rd period - Stopped by Marek Langhamer without a rebound.
16:50 of 3rd period - Kevin Stenlund wins face-off versus Rhett Gardner in Penguins zone.
16:50 of 3rd period - Kevin Stenlund is hit by Andreas Englund.
16:55 of 3rd period - CJ Suess is hit by Steven Santini and loses puck.
17:13 of 3rd period - Off-side.
17:14 of 3rd period - Oskar Steen wins face-off versus Karson Kuhlman in neutral zone.
17:40 of 3rd period - Minor Penalty to Liam O'Brien for Roughing.
17:41 of 3rd period - CJ Suess wins face-off versus Rhett Gardner in Penguins zone.
17:42 of 3rd period - Shot by Paul Thompson.
17:42 of 3rd period - Shot Misses the Net.
17:53 of 3rd period - Icing by Mike Reilly.
17:54 of 3rd period - Kevin Stenlund wins face-off versus Rhett Gardner in Admirals zone.
18:29 of 3rd period - Shot by Mike Reilly.
18:29 of 3rd period - Shot Misses the Net.
18:31 of 3rd period - Shot by Paul Thompson.
18:31 of 3rd period - Shot Misses the Net.
19:05 of 3rd period - Admirals, Hayden Hawkey is pulled from the net.
19:17 of 3rd period - Shot by Oskar Steen.
19:17 of 3rd period - Shot Misses the Net.
Goals for this period are 0 for Admirals vs 0 for Penguins.
Shots for this period are 11 for Admirals vs 9 for Penguins.